 Dungeon Crawl Stone Soup version 0.29-a0-477-g62b78b4225 (webtiles) character file.

Game seed: 4126706866038881094

463591 frimble the Whirler (level 24, -15/248 HPs)
             Began as a Gnoll Warper on May 25, 2022.
             Was the Champion of Cheibriados.
             Demolished by a tengu reaver
             ... wielding a +1 great sword
              (36 damage)
             ... on level 5 of the Vaults.
             The game lasted 01:32:15 (45965 turns).

frimble the Whirler (Gnoll Warper)                 Turns: 45965, Time: 01:32:16

Health: -15/248    AC: 36    Str: 27    XL:     24   Next: 21%
Magic:  2/43       EV: 29    Int: 37    God:    Cheibriados [******]
Gold:   5321       SH: 16    Dex: 28    Spells: 8/55 levels left

rFire   + . .      SeeInvis +   R - +9 demon trident (vamp)
rCold   . . .      Faith    .   Z - +0 kite shield
rNeg    + + .      Spirit   .   (body armour currently unavailable)
rPois   ∞          Reflect  .   p - +2 hat {SInv}
rElec   +          Harm     .   (no cloak)
rCorr   .          Rampage  .   (gloves currently unavailable)
Will    +....                   (boots currently unavailable)
Stlth   +++++++...              E - amulet of regeneration
HPRegen 1.31/turn               t - +4 ring of protection
MPRegen 0.28/turn               W - ring of Yseckanu {Fly rF+ rN+}

@: statue-form, marked, flying, very slightly contaminated, studying 2 skills,
very slow
A: slow and powerful, torment resistance 1, boosted hp, fangs 1, strong nose,
distributed training, (iridescent scales 1), electricity resistance
}: 3/15 runes: barnacled, abyssal, gossamer
a: End Transformation, Renounce Religion, Bend Time, Temporal Distortion,
Slouch, Step From Time


You were on level 5 of the Vaults.
You worshipped Cheibriados.
Cheibriados was exalted by your worship.
You were a living statue of rough stone.
You visited 8 branches of the dungeon, and saw 40 of its levels.
You visited the Abyss 1 time.
You also visited: Gauntlet.

You collected 6167 gold pieces.
You spent 846 gold pieces at shops.

Inventory:

Hand Weapons
 G - the +9 hand crossbow of Seezuxir {vorpal, Contam Will++ Str+8 Stlth+}
   (You found it on level 6 of the Lair of Beasts)

   Any ammunition fired from it inflicts extra damage upon your enemies.
   Str:       It affects your strength (+8).
   Contam:    It causes magical contamination when unequipped.
   Will:      It greatly increases your willpower.
   Stlth:     It makes you more stealthy.
 R - a +9 vampiric demon trident (weapon)
 U - the +10 hunting sling "Gohi" {flame, Int+6 Stlth-}
   (You found it on level 4 of the Lair of Beasts)

   Any ammunition fired from it burns those it strikes, dealing additional fire
   damage.
   Int:       It affects your intelligence (+6).
   Stlth:     It makes you less stealthy.
 X - a +0 double sword of flaming
Missiles
 D - 15 javelins
 F - 3 curare-tipped darts
 P - 2 throwing nets (quivered)
Armour
 l - a +1 pair of boots (melded)
 o - a +0 pair of gloves (melded)
 p - a +2 hat of see invisible (worn)
 u - a +3 troll leather armour (melded)
 V - a +2 tower shield
 Z - a +0 kite shield (worn)
Jewellery
 g - a +6 ring of intelligence
 t - a +4 ring of protection (left fist)
 E - an amulet of regeneration (around neck)
 W - the ring of Yseckanu (right fist) {Fly rF+ rN+}
   (You found it in a Gauntlet)

   [ring of flight]

   rF:        It protects you from fire.
   rN:        It protects you from negative energy.
   Fly:       It grants you flight.
Wands
 i - a wand of paralysis (7)
 s - a wand of mindburst (54)
 z - a wand of flame (18)
 M - a wand of digging (14)
 S - a wand of iceblast (33)
Scrolls
 a - 4 scrolls of amnesia
 c - 6 scrolls of blinking
 d - 12 scrolls of teleportation
 e - 8 scrolls of immolation
 q - 3 scrolls of brand weapon
 r - 4 scrolls of magic mapping
 H - 2 scrolls of torment
 I - 6 scrolls of summoning
 J - 4 scrolls of silence
 N - 9 scrolls of poison
 Q - 8 scrolls of fear
 T - 6 scrolls of fog
Potions
 b - a potion of berserk rage
 f - 2 potions of invisibility
 h - 10 potions of curing
 j - 7 potions of might
 m - 7 potions of mutation
 n - 3 potions of resistance
 v - 8 potions of lignification
 w - 4 potions of attraction
 A - 4 potions of flight
 B - 5 potions of brilliance
 C - 15 potions of heal wounds
 K - 3 potions of cancellation
 L - 11 potions of ambrosia
Miscellaneous
 k - a box of beasts
 y - a tin of tremorstones (2/2)
 O - a phantom mirror
 Y - a condenser vane


   Skills:
 + Level 16.1 Fighting
 + Level 16.1 Short Blades
 + Level 15.5 Long Blades
 + Level 15.5 Axes
 + Level 15.5 Maces & Flails
 + Level 15.5 Polearms
 + Level 15.5 Staves
 + Level 18.1 Slings
 + Level 15.5 Bows
 + Level 15.5 Crossbows
 + Level 15.7 Throwing
 + Level 15.7 Armour
 + Level 17.1 Dodging
 + Level 15.5 Stealth
 + Level 15.5 Shields
 + Level 15.5 Unarmed Combat
 + Level 16.2 Spellcasting
 + Level 13.2 Conjurations
 + Level 13.2 Hexes
 + Level 13.2 Summonings
 + Level 13.2 Necromancy
 + Level 14.2 Translocations
 + Level 13.2 Transmutations
 + Level 13.2 Fire Magic
 + Level 13.2 Ice Magic
 + Level 13.2 Air Magic
 + Level 13.2 Earth Magic
 + Level 13.2 Poison Magic
 + Level 16.8 Invocations
 + Level 15.5 Evocations


You had 8 spell levels left.
You knew the following spells:

 Your Spells              Type           Power      Damage    Failure   Level
a - Blink                 Tloc           100%       N/A       0%          2
b - Ignite Poison         Fire/Tmut/Pois 91%        N/A       1%          3
c - Sticky Flame          Conj/Fire      91%        2d10      1%          4
d - Freezing Cloud        Conj/Ice/Air   45%        6-21      1%          5
e - Passwall              Tmut/Erth      75%        N/A       0%          2
f - Statue Form           Tmut/Erth      60%        N/A       1%          6
g - Lee's Rapid Deconstr  Erth           45%        3d23*     1%          5
h - Summon Lightning Spi  Summ/Air       91%        N/A       1%          4
i - Apportation           Tloc           100%       N/A       0%          1
j - Passage of Golubria   Tloc           94%        N/A       1%          4
k - Borgnjor's Vile Clut  Necr/Erth      45%        N/A       1%          5
l - Starburst             Conj/Fire      45%        6d13      1%          6

Your spell library contained the following spells:

 Spells                   Type           Power      Damage    Failure   Level
 Beastly Appendage        Tmut           100%       N/A       0%          1
 Magic Dart               Conj           100%       1d8       0%          1
 Necrotize                Necr           100%       1d9       0%          1
 Shock                    Conj/Air       100%       1d9       0%          1
 Summon Small Mammal      Summ           100%       N/A       0%          1
 Ensorcelled Hibernation  Hex/Ice        100%       N/A       0%          2
 Poisonous Vapours        Pois/Air       100%       N/A       0%          2
 Scorch                   Fire           100%       2d10      0%          2
 Searing Ray              Conj           100%       2d8       0%          2
 Wereblood                Tmut           91%        N/A       0%          2
 Call Canine Familiar     Summ           91%        N/A       1%          3
 Confusing Touch          Hex            91%        N/A       1%          3
 Conjure Flame            Conj/Fire      91%        6-21      1%          3
 Dazzling Flash           Conj/Hex       100%       N/A       1%          3
 Gell's Gravitas          Tloc           94%        N/A       1%          3
 Lesser Beckoning         Tloc           94%        N/A       1%          3
 Spider Form              Tmut/Pois      91%        N/A       1%          3
 Summon Guardian Golem    Hex/Summ       91%        N/A       1%          3
 Swiftness                Air            91%        N/A       1%          3
 Teleport Other           Tloc           94%        N/A       1%          3
 Vampiric Draining        Necr           91%        2d12      1%          3
 Airstrike                Air            45%        N/A       1%          4
 Corpse Rot               Necr/Pois/Air  91%        N/A       1%          4
 Flame Wave               Conj/Fire      91%        2d15      1%          4
 Fulminant Prism          Conj/Hex       45%        3d21      1%          4
 Hailstorm                Conj/Ice       91%        3d18      1%          4
 Ice Form                 Ice/Tmut       91%        N/A       1%          4
 Iskenderun's Mystic Bla  Conj/Tloc      93%        2d18      1%          4
 Leda's Liquefaction      Hex/Erth       45%        N/A       1%          4
 Agony                    Necr           91%        N/A       1%          5
 Alistair's Intoxication  Tmut/Pois      60%        N/A       1%          5
 Iskenderun's Battlesphe  Conj           91%        2d14      1%          5
 Manifold Assault         Tloc           94%        N/A       1%          5
 Silence                  Hex/Air        45%        N/A       1%          5
 Summon Forest            Summ/Tloc      46%        N/A       1%          5
 Yara's Violent Unravell  Hex/Tmut       45%        3d18      1%          5
 Eringya's Noxious Bog    Tmut/Pois      45%        N/A       1%          6
 Iron Shot                Conj/Erth      45%        9d9       1%          6
 Simulacrum               Ice/Necr       45%        N/A       1%          6
 Summon Cactus Giant      Summ           45%        N/A       1%          6
 Enfeeble                 Hex            45%        N/A       8%          7
 Monstrous Menagerie      Summ           45%        N/A       8%          7
 Orb of Destruction       Conj           45%        9d12      8%          7
 Spellforged Servitor     Conj/Summ      45%        N/A       8%          7
 Lehudib's Crystal Spear  Conj/Erth      45%        10d11     50%         8
 Polar Vortex             Ice            45%        N/A       100%        9


Dungeon Overview and Level Annotations

Branches:
Dungeon (15/15)            Temple (1/1) D:4            Lair (6/6) D:11
 Shoals (4/4) Lair:2       Spider (4/4) Lair:2        Slime (0/5) Lair:6
    Orc (2/2) D:10            Elf (3/3) Orc:2        Vaults (5/5) D:13
  Crypt (0/3) Vaults:3     Depths (0/4) D:15        Gauntlet (visited)

Altars:
Ashenzari
Cheibriados
Dithmenos
Elyvilon
Fedhas
Gozag
Hepliaklqana
Kikubaaqudgha
Makhleb
Nemelex Xobeh
Okawaru
Qazlal
Ru
Sif Muna
Trog
Uskayaw
Vehumet
Wu Jian
Xom
Yredelemnul
Zin
The Shining One
Beogh

Shops:
D:6 (   D:8 [   D:10 :   Orc:2 =[[!   Shoals:1 *   Shoals:2 !   Vaults:2 *
Vaults:4 [

Portals:
Hell: Lair:6

Annotations:
D:11 2 transporters, loir's ghost, journeyman DjFE
Spider:4 1 exclusion
Elf:2 3 runed translucent doors


Innate Abilities, Weirdness & Mutations

You are a living statue of rough stone.
Your actions are slow, but your melee attacks are powerful.
You are resistant to unholy torment.
Your maximum health is greatly increased.
You are immune to poison.
Your equipment is partially melded.
You have very sharp teeth.
Your uncanny sense of smell can sniff out nearby items.
Your experience applies equally to all skills.
((You are partially covered in iridescent scales. (AC +2)))
You are resistant to electric shocks. (rElec)


Message History

You puncture the titan!
You feel better.
The titan is heavily wounded.
You block the tengu reaver's attack. The tengu reaver pecks you.
You block the tengu reaver's attack. You block the freezing wraith's attack.
The freezing wraith hits you but does no damage.
The titan waves its arms in wide circles.
The air twists around and strikes you!!
* * * LOW HITPOINT WARNING * * *
Activating: Slouch (0% risk of failure)
Press: ? - help, Dir - look around, f - activate You can feel time thicken for a moment.
You block the tengu reaver's attack. The tengu reaver completely misses you.
You block the tengu reaver's attack. The titan misses you.
The freezing wraith completely misses you.
The freezing wraith misses you. The tengu reaver casts a spell at you.
The bolt of fire hits you!! You resist.
* * * LOW HITPOINT WARNING * * *
You perforate the titan like a sieve!!!
You feel better.
You kill the titan!
Cheibriados appreciates the change of pace.
You block the freezing wraith's attack. x2
The tengu reaver hits you with a +1 great sword!
* * * LOW HITPOINT WARNING * * *
The tengu reaver pecks you but does no damage.
The tengu reaver claws you!
* * * LOW HITPOINT WARNING * * *
Activating: Slouch (0% risk of failure)
Press: ? - help, Dir - look around, f - activate You can feel time thicken for a moment.
You destroy the freezing wraith!
Cheibriados appreciates the change of pace.
The tengu reaver gestures at you while chanting.
The bolt of acid misses you.
You feel much better.
The tengu reaver hits you with a +1 great sword!!
* * * LOW HITPOINT WARNING * * *
You block the tengu reaver's attack. x2
The tengu reaver hits you with a +1 great sword!!!
You die...

**************************
*,.,,,,,,,,,,,,,,,,,,,,,,,
*,..,,,,,,,,,,,,,,,,,,,,,,
*,...#########************
*,,,.........#,,,,,,,,,,,,
*,,*,.......)##,,,,,,,,,,,
*,,*,,,#).....#,,,,,,,,,,,
*,,*,,,#)8)§..#,,,,,,,****
*,,*,,##))Q§.##,,,,,***,,,
*,,***#)))..)#,,,,,**,,,,,
*,,#..)).)..##,,,,,*,,,,,,
*,,#..))..###,,,,,**,,,,,*
*,,#...####,,,,,,,*,,,,,,*
*,,#.).,,,,,,,,,,,*,,,,,,*
*,,#...,,,,*###,,,**,,,,,,
*,,#.,,,,*##..###,,*,,,,,,


You could see a tengu reaver (strong).

Vanquished Creatures
  Sojobo (Vaults:3)
  Bai Suzhen (Vaults:3)
  A golden dragon (Vaults:5)
  2 tentacled monstrosities (Vaults:5)
  Jorgrun (Shoals:3)
  Zenata (Vaults:3)
  2 titans (Vaults:5)
  2 liches
  2 deep elf blademasters (Elf:3)
  A kraken (Shoals:4)
  2 deep elf master archers (Elf:3)
  2 sphinxes (Vaults:5)
  Frances (Spider:1)
  Agnes (Spider:1)
  Kirke (Spider:4)
  Roxanne (Elf:1)
  5 tengu reavers
  Donald (Orc:1)
  3 storm dragons (Vaults:5)
  2 frost giants (Vaults:5)
  Aizul (Spider:4)
  4 deep elf sorcerers (Elf:3)
  4 orc warlords
  2 fire giants (Vaults:5)
  Louise (Shoals:4)
  4 emperor scorpions
  3 ghost moths
  11 vault wardens
  7 very ugly things
  4 deep elf elementalists (Elf:3)
  4 war gargoyles
  7 broodmothers (Spider:4)
  16 ironbound preservers
  3 stone giants
  Nessos (D:12)
  9 ironbound thunderhulks
  A vampire knight (Vaults:3)
  A minotaur (Gauntlet)
  9 deep elf demonologists
  The ghost of Rabbukhaa the Thaumaturge, a journeyman DECj of Vehumet (D:13)
  A spark wasp (Spider:4)
  Azrael (Elf:1)
  5 entropy weavers
  8 dire elephants
  The ghost of Leaxt the Severer, a journeyman MiBe of Trog (Lair:3)
  The ghost of SirDiesAlot the Summoner, a journeyman BaCj of Vehumet (Lair:1)
  8 deep elf annihilators
  5 deep elf death magi
  An eidolon (Vaults:3)
  2 crystal guardians
  5 ettins (Vaults:5)
  Snorg (D:13)
  The ghost of Myatze the Blinker, a journeyman FeSu of Gozag (D:15)
  A merfolk javelineer (Shoals:4)
  12 yaktaur captains
  5 merfolk impalers
  3 deep elf high priests
  Josephine (D:12)
  6 hydras
  8 great orbs of eyes
  A rakshasa (D:14)
  30 vault guards
  5 peacekeepers
  Erolcha (D:9)
  20 centaur warriors
  3 radroaches
  3 jorogumos
  8 boulder beetles
  2 satyrs
  3 ogre magi (Orc:2)
  3 ironbound frosthearts
  22 dancing weapons
  6 merfolk aquamancers
  5 two-headed ogres
  4 merfolk avatars
  2 alligator snapping turtles (Shoals:4)
  5 tengu warriors
  Urug (D:12)
  An anaconda (shapeshifter) (Vaults:5)
  The ghost of xian the Destroyer, a novice DrCj of Sif Muna (Lair:1)
  8 death yaks
  A thrashing horror (Abyss:4)
  An orc high priest (D:15)
  The ghost of valliere the Covert, a journeyman OpFE of Hepliaklqana (Lair:1)
  The ghost of Oxzoohil the Cleaver, a novice GrFi of Okawaru (Lair:1)
  Amaemon (Lair:2)
  Nergalle (Lair:1)
  14 deep elf knights
  A fire crab (shapeshifter) (Elf:2)
  5 pharaoh ants
  A sixfirhy (Lair:6)
  14 sea snakes
  A glowing orange brain (Vaults:4)
  4 skeletal warriors (D:15)
  35 deep trolls
  8 orb spiders
  11 lindwurms
  A steelbarb worm (shapeshifter) (Vaults:5)
  A sea snake (shapeshifter) (Vaults:2)
  6 wizards
  An orange crystal statue (Vaults:2)
  12 deep elf archers
  24 harpies
  6 steelbarb worms
  7 orc knights
  16 ironbound convokers
  3 necromancers
  25 deep elf pyromancers
  A phantasmal warrior (Vaults:5)
  26 deep elf zephyrmancers
  A tengu skeleton (Vaults:3)
  An oklob plant (D:11)
  A frost giant zombie (Vaults:3)
  22 wolf spiders
  10 orc sorcerers
  9 cyclopes
  17 elephants
  2 moths of wrath
  17 ugly things
  18 manticores
  15 fauns
  An apocalypse crab (Abyss:3)
  3 black mambas
  2 human skeletons (Vaults:3)
  2 naga magi (Vaults:3)
  6 water nymphs
  8 merfolk sirens
  24 vault sentinels
  15 cane toads
  4 orange demons
  2 smoke demons
  3 torpor snails
  3 unseen horrors
  Maggie (D:10)
  6 freezing wraiths
  An elf skeleton (Vaults:3)
  An ice devil (Lair:6)
  4 rime drakes
  10 komodo dragons
  3 efreet
  7 demonic crawlers
  23 yaktaurs
  An ancient zyme (Abyss:4)
  5 trolls
  2 red devils (Lair:6)
  A yaktaur skeleton (Vaults:3)
  5 meliai
  30 merfolk
  5 wind drakes
  24 tarantellas
  A raiju (shapeshifter) (D:15)
  A hornet (D:15)
  2 trolls (shapeshifter) (Elf:1)
  A tyrant leech (Lair:6)
  6 raiju
  13 slime creatures
  6 blink frogs
  4 polar bears
  A human simulacrum (Vaults:3)
  6 snapping turtles
  A dream sheep (shapeshifter) (Vaults:4)
  9 dream sheep
  30 jumping spiders
  15 culicivoras
  6 flying skulls (Abyss:4)
  2 air elementals
  A centaur simulacrum (D:15)
  2 spriggans (D:15)
  A ynoxinul (Abyss:5)
  11 water elementals
  A basilisk (shapeshifter) (Spider:2)
  5 wraiths
  38 yaks
  2 yaks (shapeshifter)
  A fire bat (Abyss:5)
  A shadow (D:12)
  2 fire elementals (Elf:1)
  11 wyverns
  5 basilisks
  4 hogs (Spider:4)
  A neqoxec (Gauntlet)
  46 redbacks
  4 steam dragons
  A spatial vortex (Abyss:5)
  19 vampire mosquitoes
  4 swamp worms (Lair:6)
  4 large abominations
  4 wargs
  16 water moccasins
  7 hell hounds
  23 orc warriors
  3 small abominations
  A human zombie (Vaults:3)
  3 black bears
  2 sky beasts
  8 starcursed masses (Abyss:5)
  13 centaurs
  5 boggarts
  6 ogres
  A phantom (D:2)
  20 wolves
  11 bullfrogs
  3 kobold brigands
  2 necrophages (D:4)
  33 scorpions
  6 earth elementals
  14 killer bees
  2 vampire bats (Abyss:5)
  A howler monkey (D:6)
  2 electric eels
  14 orc priests
  A gnoll shaman (D:9)
  9 jellies
  4 iguanas
  39 orc wizards
  11 gnolls
  7 adders
  A shadow imp (D:6)
  A white imp (D:7)
  3 ufetubi
  A worm (D:4)
  2 dart slugs
  63 orcs
  6 ball pythons
  5 bats
  6 endoplasms
  2 giant cockroaches (D:1)
  12 goblins
  6 hobgoblins
  17 kobolds
  3 quokkas
  2 frilled lizards (D:1)
  A rat (D:2)
  A butterfly (Abyss:5)
  A lurking horror (Abyss:4)
  4 tentacles (Shoals:4)
1556 creatures vanquished.

Vanquished Creatures (collateral kills)
  Arachne (Spider:2)
  A fire giant (Vaults:5)
  A very ugly thing (Vaults:5)
  2 vault guards (Vaults:5)
  A centaur warrior (Vaults:3)
  A wretched star (Gauntlet)
  A phantasmal warrior (Vaults:5)
  A harpy (Abyss:5)
  A demonic crawler (Spider:1)
  A yaktaur (Vaults:5)
  A wind drake (Abyss:5)
  A redback (Spider:1)
  A scorpion (Spider:1)
14 creatures vanquished.

Vanquished Creatures (others)
  2 eldritch tentacles
  A deep elf knight (Elf:1)
  A large abomination (Abyss:4)
  3 humans (Spider:4)
  2 chaos spawn (Abyss:4)
  A scorpion (Spider:1)
  An orc wizard (Orc:2)
  A butterfly (Abyss:5)
  35 fungi
  133 plants
  6 withered plants
186 creatures vanquished.

Grand Total: 1756 creatures vanquished

Notes
Turn   | Place    | Note
-------+----------+-------------------------------------------
     0 | D:1      | frimble the Gnoll Warper began the quest for the Orb.
     0 | D:1      | Reached XP level 1. HP: 20/20 MP: 6/6
   177 | D:1      | Noticed a golden eye
   183 | D:1      | Reached XP level 2. HP: 25/26 MP: 7/7
   186 | D:1      | Found a faded altar of an unknown god.
   189 | D:1      | Noticed a floating eye
   199 | D:1      | Noticed a great orb of eyes
   209 | D:1      | Noticed a great orb of eyes
   930 | D:1      | Reached XP level 3. HP: 22/31 MP: 9/9
  1022 | D:1      | Reached skill level 5 in Spellcasting
  1543 | D:2      | Noticed a phantom
  1566 | D:2      | Killed a phantom
  1567 | D:2      | Reached skill level 1 in Long Blades
  1567 | D:2      | Reached skill level 1 in Axes
  1567 | D:2      | Reached skill level 1 in Maces & Flails
  1567 | D:2      | Reached skill level 1 in Polearms
  1567 | D:2      | Reached skill level 1 in Staves
  1567 | D:2      | Reached skill level 1 in Slings
  1567 | D:2      | Reached skill level 1 in Bows
  1567 | D:2      | Reached skill level 1 in Crossbows
  1567 | D:2      | Reached skill level 1 in Stealth
  1567 | D:2      | Reached skill level 1 in Shields
  1567 | D:2      | Reached skill level 1 in Unarmed Combat
  1567 | D:2      | Reached skill level 1 in Conjurations
  1567 | D:2      | Reached skill level 1 in Hexes
  1567 | D:2      | Reached skill level 1 in Summonings
  1567 | D:2      | Reached skill level 1 in Necromancy
  1567 | D:2      | Reached skill level 1 in Transmutations
  1567 | D:2      | Reached skill level 1 in Fire Magic
  1567 | D:2      | Reached skill level 1 in Ice Magic
  1567 | D:2      | Reached skill level 1 in Air Magic
  1567 | D:2      | Reached skill level 1 in Earth Magic
  1567 | D:2      | Reached skill level 1 in Poison Magic
  1567 | D:2      | Reached skill level 1 in Invocations
  1567 | D:2      | Reached skill level 1 in Evocations
  1567 | D:2      | Reached XP level 4. HP: 10/38 MP: 11/11
  1871 | D:2      | Reached XP level 5. HP: 41/43 MP: 12/12
  2076 | D:2      | Learned a level 2 spell: Blink
  3189 | D:4      | Learned a level 3 spell: Ignite Poison
  3393 | D:4      | Reached XP level 6. HP: 42/50 MP: 13/13
  3466 | D:4      | Found an opulent altar of Gozag.
  3469 | D:4      | Found a hazy altar of Hepliaklqana.
  3789 | D:4      | Found a staircase to the Ecumenical Temple.
  3803 | D:4      | Reached skill level 5 in Fighting
  3803 | D:4      | Reached skill level 5 in Short Blades
  3803 | D:4      | Reached skill level 5 in Dodging
  3868 | D:4      | Reached skill level 2 in Slings
  4304 | Temple   | Entered the Ecumenical Temple
  4508 | Temple   | Became a worshipper of Cheibriados the Contemplative
  4561 | D:5      | Entered Level 5 of the Dungeon
  4572 | D:5      | Reached XP level 7. HP: 56/56 MP: 15/15
  5369 | D:5      | Found a white marble altar of Elyvilon.
  5538 | D:5      | Learned a level 4 spell: Sticky Flame
  5691 | D:6      | Reached XP level 8. HP: 36/63 MP: 16/16
  5969 | D:6      | Reached skill level 3 in Slings
  5973 | D:6      | Reached * piety under Cheibriados
  6256 | D:6      | Found Muogishra's Weapon Shoppe.
  7187 | D:7      | Reached XP level 9. HP: 59/69 MP: 18/18
  7224 | D:7      | Reached ** piety under Cheibriados
  7225 | D:7      | Reached skill level 4 in Slings
  8176 | D:8      | Reached skill level 5 in Throwing
  8176 | D:8      | Reached skill level 5 in Armour
  8315 | D:8      | Found an iron altar of Okawaru.
  8864 | D:8      | Found Uvipukh's Antique Armour Shop.
  9346 | D:8      | Found an ornate altar of the Wu Jian Council.
  9403 | D:8      | Reached skill level 5 in Invocations
  9915 | D:8      | Found a sacrificial altar of Ru.
 10356 | D:9      | Noticed a two-headed ogre
 10363 | D:9      | Killed a two-headed ogre
 10364 | D:9      | Reached XP level 10. HP: 77/77 MP: 20/20
 10440 | D:9      | Reached skill level 5 in Long Blades
 10440 | D:9      | Reached skill level 5 in Axes
 10440 | D:9      | Reached skill level 5 in Maces & Flails
 10440 | D:9      | Reached skill level 5 in Polearms
 10440 | D:9      | Reached skill level 5 in Staves
 10440 | D:9      | Reached skill level 5 in Slings
 10440 | D:9      | Reached skill level 5 in Bows
 10440 | D:9      | Reached skill level 5 in Crossbows
 10440 | D:9      | Reached skill level 5 in Stealth
 10440 | D:9      | Reached skill level 5 in Shields
 10440 | D:9      | Reached skill level 5 in Unarmed Combat
 10440 | D:9      | Reached skill level 5 in Evocations
 10655 | D:9      | Reached *** piety under Cheibriados
 10790 | D:9      | Noticed Erolcha
 10800 | D:9      | Killed Erolcha
 11545 | D:10     | Entered Level 10 of the Dungeon
 11586 | D:10     | Noticed Maggie
 11593 | D:10     | Killed Maggie
 11696 | D:10     | Found a shadowy altar of Dithmenos.
 11712 | D:10     | Found Vocer's Book Emporium.
 11796 | D:10     | Reached XP level 11. HP: 65/84 MP: 22/22
 11803 | D:10     | Reached **** piety under Cheibriados
 11926 | D:10     | Reached skill level 6 in Slings
 11926 | D:10     | Reached skill level 5 in Conjurations
 11926 | D:10     | Reached skill level 5 in Hexes
 11926 | D:10     | Reached skill level 5 in Summonings
 11926 | D:10     | Reached skill level 5 in Necromancy
 11926 | D:10     | Reached skill level 5 in Transmutations
 11926 | D:10     | Reached skill level 5 in Fire Magic
 11926 | D:10     | Reached skill level 5 in Ice Magic
 11926 | D:10     | Reached skill level 5 in Air Magic
 11926 | D:10     | Reached skill level 5 in Earth Magic
 11926 | D:10     | Reached skill level 5 in Poison Magic
 12498 | D:10     | Found a staircase to the Orcish Mines.
 12714 | D:11     | Found a staircase to the Lair.
 12715 | D:11     | Noticed an oklob plant
 12733 | Lair:1   | Entered Level 1 of the Lair of Beasts
 12733 | Lair:1   | Noticed SirDiesAlot's ghost (journeyman BaCj)
 12733 | Lair:1   | Noticed Oxzoohil's ghost (novice GrFi)
 12733 | Lair:1   | Found a runed translucent gate.
 12733 | Lair:1   | Found a runed translucent gate.
 12733 | Lair:1   | Found a runed translucent gate.
 12734 | Lair:1   | Noticed valliere's ghost (journeyman OpFE)
 12734 | Lair:1   | Noticed xian's ghost (novice DrCj)
 12850 | Lair:1   | Reached ***** piety under Cheibriados
 13080 | Lair:1   | Noticed Nergalle
 13097 | Lair:1   | Killed Nergalle
 13828 | Lair:2   | Noticed Amaemon
 13842 | Lair:2   | Reached XP level 12. HP: 92/94 MP: 24/24
 13851 | Lair:2   | Killed Amaemon
 13852 | Lair:2   | Reached skill level 7 in Slings
 13962 | Lair:2   | You fall into a shaft and drop 2 floors!
 14061 | Lair:3   | Noticed a boulder beetle
 14074 | Lair:3   | Killed a boulder beetle
 14359 | Lair:2   | Found a hole to the Spider Nest.
 14478 | Lair:2   | Identified the +1 scale mail of Icviocas {+Blink rC- rN+}
 14771 | Lair:2   | Found a staircase to the Shoals.
 14909 | Lair:3   | Identified the +10 hunting sling "Feciuv" {flame, rElec}
 14939 | Lair:3   | Noticed a death yak
 14944 | Lair:3   | Noticed a death yak
 14946 | Lair:3   | Noticed a death yak
 14948 | Lair:3   | Noticed a death yak
 14972 | Lair:3   | Killed a death yak
 14978 | Lair:3   | Killed a death yak
 14993 | Lair:3   | Killed a death yak
 15007 | Lair:3   | Killed a death yak
 15202 | Lair:3   | Noticed Leaxt's ghost (journeyman MiBe)
 15203 | Lair:3   | Found a large runed translucent door.
 15204 | Lair:3   | Found a large runed translucent door.
 15616 | Lair:4   | Reached XP level 13. HP: 101/101 MP: 26/26
 15917 | Lair:4   | Reached skill level 8 in Slings
 16719 | Lair:5   | Reached ****** piety under Cheibriados
 17297 | Lair:5   | Reached skill level 10 in Spellcasting
 17389 | Lair:6   | Entered Level 6 of the Lair of Beasts
 17579 | Lair:6   | Noticed a dire elephant
 17596 | Lair:6   | Killed a dire elephant
 17645 | Lair:6   | Reached skill level 10 in Fighting
 17645 | Lair:6   | Reached skill level 10 in Short Blades
 17645 | Lair:6   | Reached skill level 10 in Dodging
 17654 | Lair:6   | Reached XP level 14. HP: 110/110 MP: 28/28
 17818 | Lair:6   | Found a staircase to the Slime Pits.
 17903 | Lair:6   | Reached skill level 9 in Slings
 18342 | Lair:6   | Reached skill level 10 in Invocations
 18535 | Lair:6   | Noticed a dire elephant
 18555 | Lair:6   | Killed a dire elephant
 18630 | Lair:6   | Found a burning altar of Makhleb.
 18660 | Lair:6   | Found a gateway to Hell.
 18675 | Lair:6   | Learned a level 5 spell: Freezing Cloud
 18768 | Lair:6   | Identified the +9 hand crossbow of Seezuxir {vorpal, Contam
                  | Will++ Str+8 Stlth+}
 18830 | Lair:4   | Identified the +10 hunting sling "Gohi" {flame, Int+6
                  | Stlth-}
 18982 | Lair:3   | Killed Leaxt's ghost
 19633 | D:11     | Noticed loir's ghost (journeyman DjFE)
 19634 | D:11     | Found a transporter.
 19634 | D:11     | Identified the +0 dire flail "Tiosoef" {freeze, Stlth+}
 19638 | D:11     | Found a transporter.
 20004 | D:11     | Identified the +0 chain mail of the Morning {Dex+3}
 20408 | D:12     | Learned a level 2 spell: Passwall
 20438 | D:12     | Found a gate leading to a gauntlet.
 20443 | Gauntlet | Entered a Gauntlet
 20443 | Gauntlet | Found a transporter.
 20446 | Gauntlet | Found a transporter.
 20447 | Gauntlet | Noticed a dire elephant
 20463 | Gauntlet | Found a transporter.
 20464 | Gauntlet | Found a transporter.
 20465 | Gauntlet | Found a large runed translucent door.
 20466 | Gauntlet | Found a large runed translucent door.
 20467 | Gauntlet | Found a large runed translucent door.
 20467 | Gauntlet | Found a large runed translucent door.
 20467 | Gauntlet | Found a runed translucent door.
 20468 | Gauntlet | Found a large runed translucent door.
 20469 | Gauntlet | Found a large runed translucent door.
 20470 | Gauntlet | Found a large runed translucent door.
 20470 | Gauntlet | Found a large runed translucent door.
 20471 | Gauntlet | Found a runed translucent gate.
 20481 | Gauntlet | Found a transporter.
 20481 | Gauntlet | Found a runed translucent gate.
 20482 | Gauntlet | Found a runed translucent gate.
 20483 | Gauntlet | Found a large runed translucent door.
 20483 | Gauntlet | Found a large runed translucent door.
 20484 | Gauntlet | Found a large runed translucent door.
 20485 | Gauntlet | Found a large runed translucent door.
 20494 | Gauntlet | Found a transporter.
 20507 | Gauntlet | Found a transporter.
 20527 | Gauntlet | Found a transporter.
 20531 | Gauntlet | Found a transporter.
 20539 | Gauntlet | Found a transporter.
 20563 | Gauntlet | Found a transporter.
 20567 | Gauntlet | Found a transporter.
 20590 | Gauntlet | Found a large runed translucent door.
 20591 | Gauntlet | Found a large runed translucent door.
 20593 | Gauntlet | Found a large runed translucent door.
 20593 | Gauntlet | Found a runed translucent door.
 20594 | Gauntlet | Found a large runed translucent door.
 20653 | Gauntlet | Identified the ring "Jireus" {+Blink MP+9}
 20776 | Gauntlet | Identified the ring of Yseckanu {Fly rF+ rN+}
 20807 | Gauntlet | Reached skill level 10 in Throwing
 20807 | Gauntlet | Reached skill level 10 in Armour
 21178 | D:12     | Noticed Josephine
 21185 | D:12     | Killed Josephine
 21218 | D:12     | Noticed Urug
 21229 | D:12     | Killed Urug
 21261 | D:12     | Reached XP level 15. HP: 116/117 MP: 29/29
 21265 | D:12     | Noticed Nessos
 21269 | D:12     | Killed Nessos
 21744 | D:13     | Found a gate to the Vaults.
 21762 | D:13     | Reached skill level 10 in Translocations
 22044 | D:13     | Reached skill level 10 in Long Blades
 22044 | D:13     | Reached skill level 10 in Axes
 22044 | D:13     | Reached skill level 10 in Maces & Flails
 22044 | D:13     | Reached skill level 10 in Polearms
 22044 | D:13     | Reached skill level 10 in Staves
 22044 | D:13     | Reached skill level 10 in Slings
 22044 | D:13     | Reached skill level 10 in Bows
 22044 | D:13     | Reached skill level 10 in Crossbows
 22044 | D:13     | Reached skill level 10 in Stealth
 22044 | D:13     | Reached skill level 10 in Shields
 22044 | D:13     | Reached skill level 10 in Unarmed Combat
 22044 | D:13     | Reached skill level 10 in Evocations
 22094 | D:13     | Noticed Snorg
 22102 | D:13     | Killed Snorg
 22123 | D:13     | Found a runed translucent door.
 22125 | D:13     | Noticed Rabbukhaa's ghost (journeyman DECj)
 22430 | D:13     | Killed Rabbukhaa's ghost
 23351 | D:15     | Entered Level 15 of the Dungeon
 23738 | D:15     | Found a staircase to the Depths.
 24139 | D:15     | Found a runed translucent door.
 24140 | D:15     | Noticed Myatze's ghost (journeyman FeSu)
 24142 | D:15     | Identified the +9 trident of Courage {vorpal, rPois rN+}
 24417 | D:15     | Killed Myatze's ghost
 24607 | Orc:1    | Entered Level 1 of the Orcish Mines
 24625 | Orc:1    | Noticed an orc warlord
 24657 | Orc:1    | Killed an orc warlord
 24658 | Orc:1    | Reached XP level 16. HP: 30/126 MP: 24/31
 24959 | Orc:2    | Entered Level 2 of the Orcish Mines
 24962 | Orc:2    | Noticed Donald
 24984 | Orc:1    | Killed Donald
 25424 | Orc:2    | Found a staircase to the Elven Halls.
 25843 | Orc:2    | Found Cailoz's Jewellery Boutique.
 25864 | Orc:2    | Found a radiant altar of Vehumet.
 25995 | Orc:2    | Found Timemo's Distillery.
 26006 | Orc:2    | Found an ancient bone altar of Kikubaaqudgha.
 26020 | Orc:2    | Found Kuod's Antique Armour Boutique.
 26022 | Orc:2    | Bought a potion of heal wounds for 75 gold pieces
 26022 | Orc:2    | Bought a potion of heal wounds for 75 gold pieces
 26022 | Orc:2    | Bought a potion of curing for 45 gold pieces
 26022 | Orc:2    | Bought a potion of heal wounds for 75 gold pieces
 26071 | Orc:2    | Found Wuosmuad's Antique Armour Shop.
 26201 | Elf:1    | Entered Level 1 of the Elven Halls
 26209 | Elf:1    | Learned a level 6 spell: Statue Form
 26239 | Elf:1    | Found a radiant altar of Vehumet.
 26269 | Elf:1    | Paralysed by an air elemental for 1 turns
 26541 | Elf:1    | Noticed Roxanne
 26550 | Elf:1    | Learned a level 5 spell: Lee's Rapid Deconstruction
 26556 | Elf:1    | Killed Roxanne
 26581 | Elf:1    | Reached skill level 11 in Slings
 26833 | Elf:1    | Noticed Azrael
 26928 | Elf:1    | Killed Azrael
 27139 | Elf:1    | Got Mara's Reference Book on Summoning
 27145 | Elf:1    | Learned a level 4 spell: Summon Lightning Spire
 27469 | Elf:2    | Reached XP level 17. HP: 130/133 MP: 30/33
 27949 | Elf:2    | Found a runed translucent gate.
 27950 | Elf:2    | Found a runed translucent gate.
 27950 | Elf:2    | Found a runed translucent gate.
 28202 | Elf:3    | Entered Level 3 of the Elven Halls
 28209 | Elf:3    | Learned a level 1 spell: Apportation
 28941 | Elf:3    | Reached skill level 10 in Conjurations
 28941 | Elf:3    | Reached skill level 10 in Hexes
 28941 | Elf:3    | Reached skill level 10 in Summonings
 28941 | Elf:3    | Reached skill level 10 in Necromancy
 28941 | Elf:3    | Reached skill level 10 in Transmutations
 28941 | Elf:3    | Reached skill level 10 in Fire Magic
 28941 | Elf:3    | Reached skill level 10 in Ice Magic
 28941 | Elf:3    | Reached skill level 10 in Air Magic
 28941 | Elf:3    | Reached skill level 10 in Earth Magic
 28941 | Elf:3    | Reached skill level 10 in Poison Magic
 28948 | Elf:3    | Noticed a deep elf master archer
 28950 | Elf:3    | Noticed a deep elf blademaster
 28950 | Elf:3    | Noticed a deep elf blademaster
 28953 | Elf:3    | Killed a deep elf master archer
 28956 | Elf:3    | Noticed an Ice Fiend
 28958 | Elf:3    | Noticed an Executioner
 28959 | Elf:3    | Killed a deep elf blademaster
 28959 | Elf:3    | Killed a deep elf blademaster
 28959 | Elf:3    | Noticed a Hell Sentinel
 28961 | Elf:3    | Noticed a Brimstone Fiend
 28965 | Elf:3    | Reached skill level 12 in Slings
 28966 | Elf:3    | Cast into level 3 of the Abyss (a deep elf sorcerer)
 29237 | Abyss:4  | Noticed a lich
 29247 | Abyss:4  | Killed a lich
 29332 | Abyss:5  | Entered Level 5 of the Abyss
 29366 | Abyss:5  | Paralysed by accursed screaming for 1 turns
 29410 | Abyss:5  | Reached XP level 18. HP: 143/143 MP: 32/35
 29410 | Abyss:5  | Reached XP level 19. HP: 149/149 MP: 32/36
 29410 | Abyss:5  | Got an abyssal rune of Zot
 29426 | Elf:3    | Escaped the Abyss
 29427 | Elf:3    | Noticed a Tzitzimitl
 29634 | Elf:3    | Reached XP level 20. HP: 143/156 MP: 33/37
 29683 | Elf:3    | Learned a level 4 spell: Passage of Golubria
 29683 | Elf:3    | Identified the ring "Himmamorph" {Drain rPois rN+++ Str+6
                  | Int-3}
 29714 | Elf:3    | Identified a scroll of acquirement
 29731 | Elf:3    | Identified the amulet "Zynu" {Reflect rF+ rCorr SH+5}
 29734 | Elf:3    | Identified the ring "Xirref" {Ice rElec rPois Str+3 SInv
                  | Stlth-}
 29738 | Elf:3    | Acquired 545 gold pieces
 29877 | Elf:3    | Identified the +3 longbow of a volcano {venom, rF+ Str+2
                  | Dex+3 SInv}
 30127 | Spider:1 | Entered Level 1 of the Spider Nest
 30206 | Spider:1 | Noticed Agnes
 30211 | Spider:1 | Noticed Frances
 30213 | Spider:1 | Killed Agnes
 30219 | Spider:1 | Killed Frances
 30615 | Spider:1 | Learned a level 5 spell: Borgnjor's Vile Clutch
 31408 | Lair:1   | Killed valliere's ghost
 31416 | Lair:1   | Killed SirDiesAlot's ghost
 31417 | Lair:1   | Reached skill level 13 in Slings
 31420 | Lair:1   | Killed xian's ghost
 31452 | Lair:1   | Killed Oxzoohil's ghost
 31483 | Lair:1   | Identified the +2 morningstar "Comiun" {venom, rPois}
 31692 | Spider:2 | Gained mutation: Your body sometimes deteriorates upon
                  | taking damage. [mutagenic glow]
 31703 | Spider:2 | Gained mutation: Armour fits poorly on your strangely
                  | shaped body. [mutagenic glow]
 32129 | Spider:2 | Identified the +3 leather armour "Hoehioce" {Fly}
 32131 | Spider:2 | Noticed Arachne
 32170 | Spider:2 | Killed Arachne
 33370 | Spider:4 | Entered Level 4 of the Spider Nest
 33517 | Spider:4 | Noticed Kirke
 33531 | Spider:4 | Killed Kirke
 33672 | Spider:4 | Noticed Aizul
 33697 | Spider:4 | Killed Aizul
 33708 | Spider:4 | Reached XP level 21. HP: 161/164 MP: 18/39
 33712 | Spider:4 | Reached skill level 14 in Slings
 33908 | Spider:4 | Got a gossamer rune of Zot
 34080 | Spider:4 | Found the ring of the Mage {Wiz Archmagi}
 34561 | Shoals:1 | Entered Level 1 of the Shoals
 34586 | Shoals:1 | Found Zapoeptu's General Store.
 34687 | Shoals:1 | Identified the +5 scale mail of Vaguam {SInv}
 35903 | Shoals:2 | Found Ydeinozok's Distillery.
 35954 | Shoals:2 | Bought a potion of heal wounds for 65 gold pieces
 35954 | Shoals:2 | Bought a potion of heal wounds for 65 gold pieces
 35954 | Shoals:2 | Bought a potion of heal wounds for 65 gold pieces
 35954 | Shoals:2 | Bought a potion of mutation for 104 gold pieces
 35954 | Shoals:2 | Bought a potion of resistance for 130 gold pieces
 35954 | Shoals:2 | Bought a potion of curing for 39 gold pieces
 36660 | Shoals:3 | Noticed Jorgrun
 36677 | Shoals:3 | Killed Jorgrun
 37386 | Shoals:4 | Entered Level 4 of the Shoals
 37477 | Shoals:4 | Noticed Louise
 37892 | Shoals:4 | Reached skill level 15 in Slings
 37962 | Shoals:4 | Identified the ring of the Ban {rN+ Int+6 Stlth+}
 38020 | Shoals:4 | Killed Louise
 38124 | Shoals:4 | Reached skill level 15 in Invocations
 38268 | Shoals:4 | Got a barnacled rune of Zot
 38599 | Shoals:4 | Learned a level 6 spell: Starburst
 38766 | Vaults:1 | Entered Level 1 of the Vaults
 39102 | Vaults:1 | Reached XP level 22. HP: 173/173 MP: 40/40
 39938 | Vaults:1 | Reached skill level 15 in Spellcasting
 40618 | Vaults:2 | You are sucked into a shaft and drop 1 floor!
 40659 | Vaults:3 | Reached skill level 15 in Fighting
 40659 | Vaults:3 | Reached skill level 15 in Short Blades
 40659 | Vaults:3 | Reached skill level 15 in Dodging
 40704 | Vaults:3 | Reached skill level 16 in Slings
 41248 | Vaults:2 | Found Doba's Assorted Antiques.
 41269 | Vaults:2 | Bought a scroll of teleportation for 108 gold pieces
 42088 | Vaults:3 | Identified the +1 hat "Pofopp" {rC+ Regen+ rCorr Int-5}
 42114 | Vaults:3 | Noticed Sojobo
 42119 | Vaults:3 | Paralysed by an air elemental for 1 turns
 42122 | Vaults:3 | Paralysed by an air elemental for 1 turns
 42126 | Vaults:3 | Killed Sojobo
 42397 | Vaults:3 | Found a staircase to the Crypt.
 42446 | Vaults:3 | Noticed Zenata
 42450 | Vaults:3 | Reached XP level 23. HP: 161/180 MP: 42/42
 42465 | Vaults:3 | Killed Zenata
 42632 | Vaults:3 | Noticed Bai Suzhen
 42677 | Vaults:3 | Killed Bai Suzhen
 42828 | Vaults:3 | Reached skill level 15 in Throwing
 42828 | Vaults:3 | Reached skill level 15 in Armour
 43817 | Vaults:3 | Found a radiant altar of Vehumet.
 43846 | Vaults:3 | Reached skill level 17 in Slings
 43856 | Vaults:3 | Identified the -3 hat of the Heron {Int+3 Dex+3}
 43862 | Vaults:3 | Identified the +2 robe of Fedhas's Vengeance {*Corrode
                  | rPois rF+ rC+}
 44026 | Vaults:3 | Identified the +1 pair of boots "Umupoeli" {rPois rN++
                  | Will-}
 44092 | Vaults:4 | Found Usaidam's Armour Boutique.
 44428 | Vaults:4 | Reached skill level 15 in Long Blades
 44428 | Vaults:4 | Reached skill level 15 in Axes
 44428 | Vaults:4 | Reached skill level 15 in Maces & Flails
 44428 | Vaults:4 | Reached skill level 15 in Polearms
 44428 | Vaults:4 | Reached skill level 15 in Staves
 44428 | Vaults:4 | Reached skill level 15 in Bows
 44428 | Vaults:4 | Reached skill level 15 in Crossbows
 44428 | Vaults:4 | Reached skill level 15 in Stealth
 44428 | Vaults:4 | Reached skill level 15 in Shields
 44428 | Vaults:4 | Reached skill level 15 in Unarmed Combat
 44428 | Vaults:4 | Reached skill level 15 in Evocations
 45724 | Vaults:5 | Entered Level 5 of the Vaults
 45806 | Vaults:5 | Gained mutation: You are occasionally teleported next to
                  | monsters. [mutagenic glow]
 45814 | Vaults:5 | Lost mutation: Your body sometimes deteriorates upon taking
                  | damage. [potion of mutation]
 45814 | Vaults:5 | Lost mutation: You are occasionally teleported next to
                  | monsters. [potion of mutation]
 45814 | Vaults:5 | Gained mutation: You do not regenerate when monsters are
                  | visible. [potion of mutation]
 45814 | Vaults:5 | Gained mutation: You are resistant to electric shocks.
                  | (rElec) [potion of mutation]
 45814 | Vaults:5 | Paralysed by a sphinx for 2 turns
 45832 | Vaults:5 | Lost mutation: You are resistant to electric shocks.
                  | (rElec) [potion of mutation]
 45832 | Vaults:5 | Lost mutation: You do not regenerate when monsters are
                  | visible. [potion of mutation]
 45832 | Vaults:5 | Lost mutation: Armour fits poorly on your strangely shaped
                  | body. [potion of mutation]
 45832 | Vaults:5 | Gained mutation: You are resistant to electric shocks.
                  | (rElec) [potion of mutation]
 45832 | Vaults:5 | Gained mutation: You are partially covered in iridescent
                  | scales. (AC +2) [potion of mutation]
 45875 | Vaults:5 | Found the ring of the Octopus King {MP+9 AC+1 EV+1 Str+1
                  | Int+1 Dex+1}
 45883 | Vaults:5 | Noticed a golden dragon
 45899 | Vaults:5 | Killed a golden dragon
 45906 | Vaults:5 | Reached XP level 24. HP: 177/191 MP: 23/43
 45935 | Vaults:5 | Reached skill level 18 in Slings
 45965 | Vaults:5 | Demolished by a tengu reaver

Illustrated notes

Levels and vault maps discovered:
D:1:      minmay_arrival_arboretum_small, layout_loops_cross,
          hellmonk_ecumenical_altar_watching_god, minmay_bisected
D:2:      layout_basic
D:3:      layout_rooms, interstate_on_off, kennysheep_pointless_box
D:4:      layout_basic, nicolae_overflow_squiral, minmay_temple_entry_arrows,
          kennysheep_generic_room_7
D:5:      layout_basic, lemuel_round_altar
D:6:      layout_basic, serial_shops, shop
D:7:      layout_rooms, dk_noncrumbling_4
D:8:      layout_layer_cave, nicolae_wu_jian_immortal_techniques,
          mainiacjoe_overflow_catwalk_spiral, nicolae_take_the_stairs
D:9:      layout_loops_ring, st_stairs_5, uniq_erolcha
D:10:     layout_irregular_city, general_overflow_altar, erik_orc_2,
          serial_shops, shop, hangedman_glass_teeth, uniq_maggie
D:11:     layout_grid_maze, dpeg_oklobed_lair, gammafunk_ghost_smash
D:12:     layout_gridville, gauntlet_entry_generic, minmay_crystal_water,
          uniq_josephine, uniq_urug, uniq_nessos
D:13:     layout_loops_ring, erik_vaults_1, ebering_ghost_inner_flame,
          uniq_snorg
D:14:     layout_irregular_city, roderic_roman_lattice
D:15:     grunt_enter_depths_snipers, layout_irregular_city,
          hangedman_decor_diamond_cutter, ebering_ghost_funeral_grove,
          chequers_serial_rivers_micro_c
Temple:   regret_index_temple_generic_petals
Lair:1:   layout_regular_city, gammafunk_ghost_cemetery, uniq_nergalle
Lair:2:   layout_hall_layers, elwin_shoals_entry_rooms,
          nicolae_spider_entry_tight_spaces, lemuel_fruit_fields,
          grunt_megastairs_3, uniq_amaemon
Lair:3:   layout_hall_layers, ebering_ghost_disaster_area
Lair:4:   layout_cave_pods, beast_lair_carwin_5
Lair:5:   layout_regular_city
Lair:6:   evil_forest, layout_gridlike, minmay_slime_entry_pillars, worms_lemuel
Shoals:1: layout_shoals, serial_shops, nicolae_shop_statue_plus
Shoals:2: cheibrodos_shoals_baths, layout_shoals, serial_shops, shop_fountains
Shoals:3: layout_shoals, uniq_jorgrun
Shoals:4: shoals_end_hangedman, layout_shoals, uniq_louise
Spider:1: spiders_nest_a, uniq_frances, uniq_agnes
Spider:2: layout_spider_delve, hellmonk_deceptive_appearances, uniq_arachne
Spider:3: layout_spider_delve, nicolae_spider_cling_ruins
Spider:4: hellmonk_spider_rune_endless_swarm, spiders_nest_spider_trap,
          uniq_aizul, uniq_kirke
Orc:1:    layout_caves
Orc:2:    kennysheep_orc_mage_school, layout_caves, uniq_donald
Elf:1:    eino_elf_arrival_altar, layout_rooms, minmay_elf_demonology,
          uniq_roxanne, uniq_azrael
Elf:2:    nicolae_elf_blades_crystal_corner, layout_gridlike
Elf:3:    grunt_elf_hall_asides, layout_geoelf_grid
Vaults:1: hangedman_vaults_stretched_pinwheel, vaults_mumra_minichess_inversion,
          v_misc_18, nicolae_vaults_specimen_jars, nicolae_vaults_little_ls,
          v_misc_23, ontoclasm_vaults_pinch, nicolae_vaults_holding_cells,
          v_misc_2, ontoclasm_vaults_shuriken, layout_vaults_big_room
Vaults:2: v_pattern_2, v_misc_5, nicolae_vaults_diagonal_hallway_7,
          hangedman_vaults_maws, vaults_room_fancy_cross, v_misc_27,
          nicolae_vaults_statue_guard, v_misc_24, nicolae_vaults_alarming,
          grunt_vaults_hallway_long, nicolae_vaults_gold_heap,
          nicolae_vaults_little_squares_1, layout_vaults_maze_snakey,
          serial_shops, shop
Vaults:3: v_misc_17, nicolae_vaults_diagonal_hallway_7,
          minmay_crypt_entry_simple_box, nicolae_vaults_angled_halls,
          nicolae_vaults_shelves_hall, v_pattern_3, v_misc_4, v_misc_16,
          hangedman_vaults_restitches, vaults_room_door_ring,
          hangedman_vaults_restitches, grunt_tower_of_power,
          nicolae_vaults_sealed_display, vaults_room_grunt_arrival_ludios,
          layout_vaults_quadrants, uniq_sojobo, uniq_zenata, uniq_bai_suzhen
Vaults:4: nicolae_vaults_network_periphery, st_spiral_rooms,
          vaults_room_stairs_pillars, vaults_standard_mumra_enter_the_diamond,
          hangedman_vaults_capsules, nicolae_vaults_twisting_passages,
          nicolae_vaults_mini_display_case, hangedman_vaults_nodes, v_misc_16,
          ontoclasm_vaults_bender, nicolae_vaults_circle_grid_b,
          layout_vaults_omnibox, serial_shops, shop
Vaults:5: uniq_margery

Skill      XL: |  1  2  3  4  5  6  7  8  9 10 11 12 13 14 15 16 17 18 19 20 21 22 23 24 |
---------------+-------------------------------------------------------------------------+-----
Spellcasting   | 5 6 7 8 9 10 11 12 13 14 15 16 | 16.2
Long Blades    | 1 2 3 4 5 6 7 8 9 10 11 12 13 14 15 | 15.5
Axes           | 1 2 3 4 5 6 7 8 9 10 11 12 13 14 15 | 15.5
Maces & Flails | 1 2 3 4 5 6 7 8 9 10 11 12 13 14 15 | 15.5
Polearms       | 1 2 3 4 5 6 7 8 9 10 11 12 13 14 15 | 15.5
Staves         | 1 2 3 4 5 6 7 8 9 10 11 12 13 14 15 | 15.5
Slings         | 1 2 3 4 5 6 7 8 9 10 11 12 13 15 16 17 18 | 18.1
Bows           | 1 2 3 4 5 6 7 8 9 10 11 12 13 14 15 | 15.5
Crossbows      | 1 2 3 4 5 6 7 8 9 10 11 12 13 14 15 | 15.5
Stealth        | 1 2 3 4 5 6 7 8 9 10 11 12 13 14 15 | 15.5
Shields        | 1 2 3 4 5 6 7 8 9 10 11 12 13 14 15 | 15.5
Unarmed Combat | 1 2 3 4 5 6 7 8 9 10 11 12 13 14 15 | 15.5
Conjurations   | 1 2 3 4 5 6 7 8 9 10 11 12 13 | 13.2
Hexes          | 1 2 3 4 5 6 7 8 9 10 11 12 13 | 13.2
Summonings     | 1 2 3 4 5 6 7 8 9 10 11 12 13 | 13.2
Necromancy     | 1 2 3 4 5 6 7 8 9 10 11 12 13 | 13.2
Transmutations | 1 2 3 4 5 6 7 8 9 10 11 12 13 | 13.2
Fire Magic     | 1 2 3 4 5 6 7 8 9 10 11 12 13 | 13.2
Ice Magic      | 1 2 3 4 5 6 7 8 9 10 11 12 13 | 13.2
Air Magic      | 1 2 3 4 5 6 7 8 9 10 11 12 13 | 13.2
Earth Magic    | 1 2 3 4 5 6 7 8 9 10 11 12 13 | 13.2
Poison Magic   | 1 2 3 4 5 6 7 8 9 10 11 12 13 | 13.2
Invocations    | 1 2 3 4 5 6 7 8 9 10 11 12 13 14 15 16 | 16.8
Evocations     | 1 2 3 4 5 6 7 8 9 10 11 12 13 14 15 | 15.5
Throwing       | 3 4 5 6 7 8 9 10 11 12 13 14 15 | 15.7
Armour         | 3 4 5 6 7 8 9 10 11 12 13 14 15 | 15.7
Fighting       | 5 6 7 8 9 10 11 12 13 14 15 16 | 16.1
Short Blades   | 5 6 7 8 9 10 11 12 13 14 15 16 | 16.1
Dodging        | 5 6 7 8 9 10 11 12 13 14 15 16 17 | 17.1
Translocations | 6 7 8 9 10 11 12 13 14 | 14.2

Action                   |  1- 3 |  4- 6 |  7- 9 | 10-12 | 13-15 | 16-18 | 19-21 | 22-24 || total
-------------------------+-------+-------+-------+-------+-------+-------+-------+-------++-------
Melee: Short sword       |   139 |   130 |    40 |    14 |       |       |       |       ||   323
       Bite              |    17 |    16 |    55 |   110 |     9 |       |       |    25 ||   232
       Punch             |     2 |     4 |    25 |    42 |     7 |       |       |       ||    80
       Dagger            |       |    58 |   392 |   614 |    47 |       |       |       ||  1111
       Hand crossbow     |       |       |       |       |       |     3 |     1 |       ||     4
       Demon trident     |       |       |       |       |       |       |       |   120 ||   120
 Fire: Hunting sling     |       |       |       |    70 |   569 |       |       |       ||   639
       Hand crossbow     |       |       |       |       |   715 |   809 |  1860 |  1414 ||  4798
Throw: Boomerang         |       |     6 |     1 |       |       |       |       |       ||     7
       Dart              |       |       |       |     2 |       |       |       |       ||     2
 Cast: Blink             |       |     1 |     8 |     3 |    33 |     8 |    26 |    35 ||   114
       Ignite Poison     |       |       |     6 |    34 |     8 |     3 |       |     1 ||    52
       Passwall          |       |       |       |       |     3 |     3 |       |       ||     6
       Sticky Flame      |       |       |       |       |       |    14 |     1 |       ||    15
       Freezing Cloud    |       |       |       |       |       |    20 |    41 |    20 ||    81
       Lee's Rapid Decon |       |       |       |       |       |     9 |     1 |    18 ||    28
       Statue Form       |       |       |       |       |       |    13 |    42 |    39 ||    94
       Summon Lightning  |       |       |       |       |       |     2 |     6 |     2 ||    10
       Apportation       |       |       |       |       |       |     1 |     7 |       ||     8
       Borgnjor's Vile C |       |       |       |       |       |       |    10 |     8 ||    18
       Starburst         |       |       |       |       |       |       |       |    37 ||    37
Invok: Slouch            |       |       |       |     2 |     4 |     7 |     8 |     8 ||    29
       Step From Time    |       |       |       |       |       |     1 |       |       ||     1
Evoke: Wand              |       |       |     3 |    23 |       |     3 |     5 |     1 ||    35
       Tin of tremorston |       |       |       |       |     4 |     6 |     6 |     6 ||    22
       Phantom mirror    |       |       |       |       |     1 |     1 |     1 |     1 ||     4
       Condenser vane    |       |       |       |       |     2 |     3 |     4 |     6 ||    15
  Use: Scroll            |     4 |     5 |     4 |    11 |    10 |     1 |    10 |    12 ||    57
       Potion            |       |       |     3 |     2 |     1 |     1 |     3 |     3 ||    13
 Stab: Sleeping          |       |     2 |     2 |    11 |       |       |       |     2 ||    17
       Paralysed         |       |       |     2 |     1 |       |       |       |       ||     3
       Distracted        |       |       |     1 |       |       |       |       |     1 ||     2
       Invisible         |       |       |       |     1 |       |       |       |       ||     1
Armor: Leather armour    |    31 |    52 |   187 |    19 |       |       |       |       ||   289
       Troll leather arm |       |       |       |   175 |   335 |    84 |   178 |    79 ||   851
       Steam dragon scal |       |       |       |     5 |       |       |       |       ||     5
       Skin              |       |       |       |       |     3 |   111 |   720 |   508 ||  1342
Dodge: Dodged            |    65 |   101 |   286 |   496 |   858 |   460 |  2170 |  1670 ||  6106
Block: Kite shield       |       |       |       |       |       |   392 |  1679 |  1445 ||  3516

Table legend: (Time is in decaauts)
 A = Elapsed time spent in this place.
 B = Non-inter-level travel time spent in this place.
 C = Inter-level travel time spent in this place.
 D = Time resting spent in this place.
 E = Time spent auto-exploring this place.
 F = Levels seen in this place.
 G = Mean time per level.
                   A        B        C        D        E       F      G
               +--------+--------+--------+--------+--------+-----+--------+
         Total |  70561 |  65469 |   5092 |    342 |  50879 |  44 | 1603.7 |
       Dungeon |  23575 |  22054 |   1521 |    120 |  18743 |  15 | 1571.7 |
        Temple |    253 |    192 |     61 |      0 |    179 |   1 |  253.0 |
          Lair |  11145 |   9930 |   1215 |      0 |   8084 |   6 | 1857.5 |
        Shoals |   7205 |   6891 |    314 |      0 |   5297 |   4 | 1801.2 |
   Spider Nest |   6776 |   6155 |    621 |      7 |   4407 |   4 | 1694.0 |
  Orcish Mines |   2892 |   2563 |    329 |      2 |   2043 |   2 | 1446.0 |
   Elven Halls |   5359 |   4933 |    426 |     98 |   3553 |   3 | 1786.3 |
        Vaults |  11834 |  11230 |    604 |      0 |   8059 |   5 | 2366.8 |
         Abyss |    849 |    849 |      0 |     97 |     94 |   3 |  283.0 |
      Gauntlet |    668 |    668 |      0 |     17 |    419 |   1 |  668.0 |
               +--------+--------+--------+--------+--------+-----+--------+

Top non-repeatable levels by time:
Vaults:3: 3790 daAuts
     D:8: 3003 daAuts
Vaults:4: 2783 daAuts
Vaults:1: 2629 daAuts
    D:11: 2579 daAuts
Vaults:2: 2313 daAuts
  Lair:6: 2245 daAuts
Spider:2: 2170 daAuts
Shoals:4: 2149 daAuts
  Lair:4: 2051 daAuts
  Lair:1: 2032 daAuts
   Elf:3: 2006 daAuts
  Lair:2: 1946 daAuts
   Orc:2: 1923 daAuts
   Elf:1: 1901 daAuts
